TOP OF THE 1ST |
---|
Montgomery Grey Sox batting - Pitching for Kenosha Kingfish : RHP Raúl Cruz | Pitching: RHP Raúl Cruz | | Batting: LHB Salvador López | 0-0: SINGLE (Flyball, 9LM) | Batting: LHB Amlak Saitoti | 0-0: Ball 1-0: Called Strike 1-1: Fly out, F8 (Flyball, 8LD) Runner from 1st tags up, SAFE at 2nd | Batting: RHB Pedro Castro | 0-0: Called Strike 0-1: Fly out, F8 (Flyball, 8LM) Runner from 2nd tags up, SAFE at 3rd with throw | Batting: SHB Randy Anderson | 0-0: Called Strike 0-1: Called Strike 0-2: Ground out 4-3 (Groundball, 34) | Top of the 1st over - 0 runs, 1 hit, 0 errors, 1 left on base; Montgomery 0 - Kenosha 0 | BOTTOM OF THE 1ST |
---|
Kenosha Kingfish batting - Pitching for Montgomery Grey Sox : LHP Raúl Coranillo | Pitching: LHP Raúl Coranillo | | Batting: RHB Ron Campbell | 0-0: Ball 1-0: Ball 2-0: Foul Ball, location: 2F 2-1: Ball 3-1: Base on Balls | Batting: RHB Marcus Pittman | 0-0: Ball 1-0: Fly out, F8 (Flyball, 8RD) | Batting: LHB Miguel Gómez | 0-0: Ball 1-0: Ball 2-0: Called Strike 2-1: Foul Ball, location: 2F 2-2: Strikes out swinging | Batting: RHB Rubén Hernández | 0-0: Ball 1-0: Fielders Choice at 2nd, 5-4 (Groundball, 56) | Bottom of the 1st over - 0 runs, 0 hits, 0 errors, 1 left on base; Montgomery 0 - Kenosha 0 | TOP OF THE 2ND |
---|
Montgomery Grey Sox batting - Pitching for Kenosha Kingfish : RHP Raúl Cruz | Batting: RHB Glen MacDonald | 0-0: Foul Ball, location: 2F 0-1: Foul Ball, location: 2F 0-2: Foul Ball, location: 2F 0-2: Ball 1-2: Ball 2-2: Foul Ball, location: 2F 2-2: Fly out, F9 (Line Drive, 9LS) | Batting: LHB Francisco Romo | 0-0: Called Strike 0-1: Ball 1-1: Ball 2-1: Fly out, F9 (Flyball, 89D) | Batting: RHB Bobby Hulsey | 0-0: Ball 1-0: Foul Ball, location: 2F 1-1: Ball 2-1: Ground out 6-3 (Groundball, 6) | Top of the 2nd over - 0 runs, 0 hits, 0 errors, 0 left on base; Montgomery 0 - Kenosha 0 | BOTTOM OF THE 2ND |
---|
Kenosha Kingfish batting - Pitching for Montgomery Grey Sox : LHP Raúl Coranillo | Batting: LHB Juan Rodríguez | 0-0: Swinging Strike 0-1: Ground out 6-3 (Groundball, 56) | Batting: RHB Millard Ferguson | 0-0: Ball 1-0: Called Strike 1-1: Fly out, F9 (Flyball, 9S) | Batting: LHB Justin McCoy | 0-0: Ball 1-0: Ground out 4-3 (Groundball, 4M) | Bottom of the 2nd over - 0 runs, 0 hits, 0 errors, 0 left on base; Montgomery 0 - Kenosha 0 | TOP OF THE 3RD |
---|
Montgomery Grey Sox batting - Pitching for Kenosha Kingfish : RHP Raúl Cruz | Batting: LHB Aaron Thompson | 0-0: Called Strike 0-1: Ball 1-1: Ball 2-1: Ball 3-1: Ground out 1-3 (Groundball, P) | Batting: RHB António Nevárez | 0-0: Called Strike 0-1: Ball 1-1: Fly out, F9 (Line Drive, 9) | Batting: LHB Salvador López | 0-0: Called Strike 0-1: Foul Ball, location: 2F 0-2: Ball 1-2: Ball 2-2: Strikes out looking | Top of the 3rd over - 0 runs, 0 hits, 0 errors, 0 left on base; Montgomery 0 - Kenosha 0 | BOTTOM OF THE 3RD |
---|
Kenosha Kingfish batting - Pitching for Montgomery Grey Sox : LHP Raúl Coranillo | Batting: RHB Warren Strathbogie | 0-0: Called Strike 0-1: Ball 1-1: Ball 2-1: Foul Ball, location: 2F 2-2: Strikes out swinging | Batting: SHB José Ayala | 0-0: Ball 1-0: Ball 2-0: Swinging Strike 2-1: Ball 3-1: Base on Balls | Batting: RHB Ron Campbell | 0-0: Grounds into double play, 6-4-3 (Groundball, 6) | Bottom of the 3rd over - 0 runs, 0 hits, 0 errors, 0 left on base; Montgomery 0 - Kenosha 0 | TOP OF THE 4TH |
---|
Montgomery Grey Sox batting - Pitching for Kenosha Kingfish : RHP Raúl Cruz | Batting: LHB Amlak Saitoti | 0-0: Ball 1-0: Ball 2-0: Bunt for hit - play at first, batter OUT! 1-3 | Batting: RHB Pedro Castro | 0-0: Called Strike 0-1: Foul Ball, location: 2F 0-2: Foul Ball, location: 2F 0-2: Foul Ball, location: 2F 0-2: Strikes out looking | Batting: SHB Randy Anderson | 0-0: Called Strike 0-1: Swinging Strike 0-2: Strikes out swinging | Top of the 4th over - 0 runs, 0 hits, 0 errors, 0 left on base; Montgomery 0 - Kenosha 0 | BOTTOM OF THE 4TH |
---|
Kenosha Kingfish batting - Pitching for Montgomery Grey Sox : LHP Raúl Coranillo | Batting: RHB Marcus Pittman | 0-0: Ball 1-0: Ground out 4-3 (Groundball, 4) | Batting: LHB Miguel Gómez | 0-0: Called Strike 0-1: Ball 1-1: Called Strike 1-2: Strikes out swinging | Batting: RHB Rubén Hernández | 0-0: Ground out 4-3 (Groundball, 34) | Bottom of the 4th over - 0 runs, 0 hits, 0 errors, 0 left on base; Montgomery 0 - Kenosha 0 | TOP OF THE 5TH |
---|
Montgomery Grey Sox batting - Pitching for Kenosha Kingfish : RHP Raúl Cruz | Batting: RHB Glen MacDonald | 0-0: Ball 1-0: Ball 2-0: Ball 3-0: Base on Balls | Batting: LHB Francisco Romo | 0-0: Ball 1-0: Ball 2-0: Ball 3-0: Called Strike 3-1: Foul Ball, location: 2F 3-2: Base on Balls Glen MacDonald to second | Batting: RHB Bobby Hulsey | 0-0: Called Strike 0-1: Foul Ball, location: 2F 0-2: Ball 1-2: Fly out, F6 (Popup, 6M) | Batting: LHB Aaron Thompson | 0-0: Called Strike 0-1: Ball 1-1: Swinging Strike 1-2: Ball 2-2: Ball 3-2: Strikes out swinging | Batting: RHB António Nevárez | 0-0: Called Strike 0-1: Fly out, F1 (Line Drive, 13) | Top of the 5th over - 0 runs, 0 hits, 0 errors, 2 left on base; Montgomery 0 - Kenosha 0 | BOTTOM OF THE 5TH |
---|
Kenosha Kingfish batting - Pitching for Montgomery Grey Sox : LHP Raúl Coranillo | Batting: LHB Juan Rodríguez | 0-0: Called Strike 0-1: Ball 1-1: Ball 2-1: Ball 3-1: Base on Balls | Batting: RHB Millard Ferguson | 0-0: Called Strike 0-1: Foul Ball, location: 2F 0-2: Ball 1-2: Fly out, F9 (Flyball, 9D) | Batting: LHB Justin McCoy | 0-0: Ball 1-0: Foul Ball, location: 2F 1-1: Swinging Strike 1-2: Fly out, F9 (Line Drive, 9S) | Batting: RHB Warren Strathbogie | 0-0: Called Strike 0-1: Called Strike 0-2: Ball 1-2: Ball 2-2: Strikes out swinging | Bottom of the 5th over - 0 runs, 0 hits, 0 errors, 1 left on base; Montgomery 0 - Kenosha 0 | TOP OF THE 6TH |
---|
Montgomery Grey Sox batting - Pitching for Kenosha Kingfish : RHP Raúl Cruz | Batting: LHB Salvador López | 0-0: Called Strike 0-1: Ball 1-1: Ball 2-1: SINGLE (Line Drive, 56D) | Batting: LHB Amlak Saitoti | 0-0: Foul Ball, location: 2F 0-1: Ball 1-1: Foul Ball, location: 2F 1-2: Foul Ball, location: 2F 1-2: Ball 2-2: Foul Ball, location: 2F 2-2: Ball 3-2: SINGLE (Groundball, 34D) Salvador López to second Salvador López to third | Batting: RHB Pedro Castro | 0-0: Ball 1-0: Called Strike 1-1: Foul Ball, location: 2F 1-2: Ground out 4-3 (Groundball, 4S) Salvador López scores Amlak Saitoti to second | Batting: SHB Randy Anderson | 0-0: Ball 1-0: Called Strike 1-1: Swinging Strike Passed Ball! Amlak Saitoti to third 1-2: Strikes out looking | Batting: RHB Glen MacDonald | 0-0: Ball 1-0: Swinging Strike 1-1: Foul Ball, location: 2F 1-2: Strikes out swinging | Top of the 6th over - 1 run, 2 hits, 0 errors, 1 left on base; Montgomery 1 - Kenosha 0 | BOTTOM OF THE 6TH |
---|
Kenosha Kingfish batting - Pitching for Montgomery Grey Sox : LHP Raúl Coranillo | Batting: SHB José Ayala | 0-0: Ball 1-0: DOUBLE (Line Drive, 9LM) | Batting: RHB Ron Campbell | 0-0: Ball 1-0: Foul Ball, location: 2F 1-1: Ball 2-1: Ball 3-1: Swinging Strike 3-2: Base on Balls | Batting: RHB Marcus Pittman | 0-0: Fielders Choice at 2nd, 3-6 (Groundball, 3) José Ayala to third | Batting: LHB Miguel Gómez | 0-0: Called Strike 0-1: Ball 1-1: Ball 2-1: Called Strike 2-2: Ball 3-2: Base on Balls Marcus Pittman to second | Batting: RHB Rubén Hernández | 0-0: Ball 1-0: Ball 2-0: Fly out, F8 (Flyball, 8LS) Runner from 3rd tags up, SCORES, no throw | Batting: LHB Juan Rodríguez | 0-0: Called Strike 0-1: Called Strike 0-2: Ball 1-2: Strikes out swinging | Bottom of the 6th over - 1 run, 1 hit, 0 errors, 2 left on base; Montgomery 1 - Kenosha 1 | TOP OF THE 7TH |
---|
Montgomery Grey Sox batting - Pitching for Kenosha Kingfish : RHP Raúl Cruz | Batting: LHB Francisco Romo | 0-0: Called Strike 0-1: Foul Ball, location: 2F 0-2: Ball 1-2: DOUBLE (Line Drive, 9LM) | Batting: RHB Bobby Hulsey | 0-0: Foul Ball, location: 2F 0-1: Ground out 4-3 (Groundball, 4M) Francisco Romo to third | Batting: LHB Aaron Thompson | 0-0: Intentional Walk | Pitching: RHP Rafael Marín | | Pinch Hitting: LHB Jorge Garza | 0-0: Called Strike Aaron Thompson steals 2nd base 0-1: Ball 1-1: Ground out 4-3 (Groundball, 4) | Pitching: LHP Ray McKnight | | Batting: LHB Salvador López | 0-0: Ball 1-0: DOUBLE (Line Drive, 9LS) Francisco Romo scores Aaron Thompson scores | Batting: LHB Amlak Saitoti | 0-0: Fly out, F9 (Line Drive, 9) | Top of the 7th over - 2 runs, 2 hits, 0 errors, 1 left on base; Montgomery 3 - Kenosha 1 | BOTTOM OF THE 7TH |
---|
Kenosha Kingfish batting - Pitching for Montgomery Grey Sox : LHP Raúl Coranillo | Now at 2B: Jon Bush | | Batting: RHB Millard Ferguson | 0-0: Called Strike 0-1: Called Strike 0-2: Strikes out swinging | Batting: LHB Justin McCoy | 0-0: Fly out, F5 (Popup, 56S) | Batting: RHB Warren Strathbogie | 0-0: Called Strike 0-1: Ball 1-1: SINGLE (Line Drive, 78M) | Batting: SHB José Ayala | 0-0: Called Strike 0-1: Ball 1-1: Ball 2-1: Foul Ball, location: 2F 2-2: Ball 3-2: SINGLE (Flyball, 7S) Warren Strathbogie to second Warren Strathbogie to third | Batting: RHB Ron Campbell | 0-0: Foul Ball, location: 2F 0-1: Ball 1-1: Foul Ball, location: 2F 1-2: Ball 2-2: Foul Ball, location: 2F 2-2: Fly out, F8 (Flyball, 78D) | Bottom of the 7th over - 0 runs, 2 hits, 0 errors, 2 left on base; Montgomery 3 - Kenosha 1 | TOP OF THE 8TH |
---|
Montgomery Grey Sox batting - Pitching for Kenosha Kingfish : LHP Ray McKnight | Pitching: RHP Jim Snyder | | Batting: RHB Pedro Castro | 0-0: Foul Ball, location: 2F 0-1: SINGLE (Flyball, 6MD) | Batting: SHB Randy Anderson | 0-0: Ball 1-0: Called Strike 1-1: Called Strike 1-2: Foul Ball, location: 2F 1-2: Ball 2-2: Foul Ball, location: 2F 2-2: Strikes out swinging | Batting: RHB Glen MacDonald | 0-0: Ball 1-0: Foul Ball, location: 2F 1-1: Swinging Strike 1-2: Foul Ball, location: 2F 1-2: Fly out, F9 (Line Drive, 89M) | Batting: LHB Francisco Romo | 0-0: Called Strike 0-1: Ball 1-1: Ball 2-1: SINGLE (Line Drive, 9S) Pedro Castro to second Runner from 2nd tries for 3rd, SAFE, throw made to third | Batting: RHB Bobby Hulsey | 0-0: Called Strike 0-1: Ball 1-1: Called Strike 1-2: Foul Ball, location: 2F 1-2: Strikes out swinging | Top of the 8th over - 0 runs, 2 hits, 0 errors, 2 left on base; Montgomery 3 - Kenosha 1 | BOTTOM OF THE 8TH |
---|
Kenosha Kingfish batting - Pitching for Montgomery Grey Sox : LHP Raúl Coranillo | Batting: RHB Marcus Pittman | 0-0: Called Strike 0-1: Ball 1-1: Ball 2-1: Ball 3-1: Swinging Strike 3-2: Base on Balls | Batting: LHB Miguel Gómez | 0-0: Fly out, F8 (Line Drive, 8LD) | Batting: RHB Rubén Hernández | 0-0: 2-RUN HOME RUN (Flyball, 7D), Distance : 376 ft | Batting: LHB Juan Rodríguez | 0-0: Ball 1-0: Ball 2-0: Ball 3-0: Base on Balls | Batting: RHB Millard Ferguson | 0-0: Swinging Strike 0-1: Foul Ball, location: 2F 0-2: Ball 1-2: Strikes out swinging | Pinch Hitting: RHB Pepe González | 0-0: Ball 1-0: Called Strike 1-1: Ball 2-1: Fielders Choice at 2nd, 6-4 (Groundball, 6) | Bottom of the 8th over - 2 runs, 1 hit, 0 errors, 1 left on base; Montgomery 3 - Kenosha 3 | TOP OF THE 9TH |
---|
Montgomery Grey Sox batting - Pitching for Kenosha Kingfish : RHP Jim Snyder | Now in RF: Juan Escalante | | Batting: LHB Aaron Thompson | 0-0: Foul Ball, location: 2F 0-1: Ball 1-1: Ball 2-1: Foul Ball, location: 2F 2-2: Strikes out swinging | Batting: RHB Jon Bush | 0-0: Ball 1-0: Called Strike 1-1: Foul Ball, location: 2F 1-2: Strikes out swinging | Batting: LHB Salvador López | 0-0: Called Strike 0-1: Ball 1-1: Foul Ball, location: 2F 1-2: Foul Ball, location: 2F 1-2: Ball 2-2: Ball 3-2: Strikes out swinging | Top of the 9th over - 0 runs, 0 hits, 0 errors, 0 left on base; Montgomery 3 - Kenosha 3 | BOTTOM OF THE 9TH |
---|
Kenosha Kingfish batting - Pitching for Montgomery Grey Sox : LHP Raúl Coranillo | Pitching: RHP Carlos Castillo | | Batting: RHB Warren Strathbogie | 0-0: Swinging Strike 0-1: Ball 1-1: Swinging Strike 1-2: Strikes out swinging | Batting: SHB José Ayala | 0-0: Swinging Strike 0-1: Foul Ball, location: 2F 0-2: Ball 1-2: Strikes out looking | Batting: RHB Ron Campbell | 0-0: Ball 1-0: SINGLE (Groundball, 56D) | Batting: RHB Marcus Pittman | 0-0: Called Strike 0-1: Swinging Strike 0-2: Strikes out looking | Bottom of the 9th over - 0 runs, 1 hit, 0 errors, 1 left on base; Montgomery 3 - Kenosha 3 | TOP OF THE 10TH |
---|
Montgomery Grey Sox batting - Pitching for Kenosha Kingfish : RHP Jim Snyder | Batting: LHB Amlak Saitoti | 0-0: Called Strike 0-1: Foul Ball, location: 2F 0-2: Ball 1-2: Ground out 4-3 (Groundball, 4) | Pinch Hitting: RHB Mike Cleveland | 0-0: Called Strike 0-1: Foul Ball, location: 2F 0-2: Ground out 5-3 (Groundball, 56) | Batting: SHB Randy Anderson | 0-0: Called Strike 0-1: Ball 1-1: Ball 2-1: Foul Ball, location: 2F 2-2: Foul Ball, location: 2F 2-2: SINGLE (Flyball, 7LS) | Pitching: RHP Ed Weaver | | Batting: RHB Glen MacDonald | 0-0: Called Strike 0-1: Ball 1-1: Foul Ball, location: 2F 1-2: DOUBLE (Line Drive, 7LM) Randy Anderson to third Runner from 3rd tries for Home, SAFE, no throw | Batting: LHB Francisco Romo | 0-0: Ball 1-0: Swinging Strike 1-1: Ball 2-1: Foul Ball, location: 2F 2-2: Strikes out looking | Top of the 10th over - 1 run, 2 hits, 0 errors, 1 left on base; Montgomery 4 - Kenosha 3 | BOTTOM OF THE 10TH |
---|
Kenosha Kingfish batting - Pitching for Montgomery Grey Sox : RHP Carlos Castillo | Now at C: Ben White | | Batting: LHB Miguel Gómez | 0-0: Ball 1-0: Foul Ball, location: 2F 1-1: Foul Ball, location: 2F 1-2: Foul Ball, location: 2F 1-2: Strikes out swinging | Batting: RHB Rubén Hernández | 0-0: Called Strike 0-1: Ball 1-1: Fly out, F6 (Line Drive, 6) | Batting: LHB Juan Rodríguez | 0-0: Called Strike 0-1: Foul Ball, location: 2F 0-2: Strikes out swinging | Bottom of the 10th over - 0 runs, 0 hits, 0 errors, 0 left on base; Montgomery 4 - Kenosha 3 | |